 Dungeon Crawl Stone Soup version 0.31-a0-1059-g83d41fd8b6 (webtiles) character file.

Game seed: 17588018969509412986

11 kae the Vexing (level 2, 0/19 HPs)
             Began as a Demonspawn Enchanter on Nov 21, 2023.
             Slain by a goblin
             ... wielding a +0 dagger
              (4 damage)
             ... on level 1 of the Dungeon.
             The game lasted 00:00:35 (235 turns).

kae the Vexing (Demonspawn Enchanter)                Turns: 235, Time: 00:00:36

Health: 0/19       AC:  2    Str:  8    XL:     2   Next: 13%
Magic:  5/5        EV: 12    Int: 16    God:
Gold:   32         SH:  0    Dex: 13    Spells: 3/5 levels left

rFire   . . .        a - +1 dagger
rCold   . . .        (no shield)
rNeg    . . .        b - +0 robe
rPois   .            (no helmet)
rElec   .            (no cloak)
rCorr   .            (no gloves)
SInv    .            (no boots)
Will    .....        (no amulet)
Stlth   ++           (no ring)
HPRegen 0.23/turn    (no ring)
MPRegen 0.09/turn

%: no passive effects
@: attractive
A: claws 1
a: no special abilities


You were on level 1 of the Dungeon.
You visited 1 branch of the dungeon, and saw 1 of its levels.

You collected 32 gold pieces.


Innate Abilities, Weirdness & Mutations

You have sharp fingernails.


   Skills:
 + Level 0.0 Fighting
 * Level 1.2 Short Blades
 + Level 1.9 Dodging
 + Level 2.8 Stealth
 + Level 2.1 Spellcasting
 * Level 3.1 Hexes
 + Level 0.0 Ice Magic


You had 3 spell levels left.
You knew the following spells:

 Your Spells              Type           Power      Damage    Failure   Level
a - Ensorcelled Hibernat  Hex/Ice        12%        N/A       16%         2

Your spell library contained the following spells:

 Spells                   Type           Power      Damage    Failure   Level
 Confusing Touch          Hex            11%        N/A       17%         3
 Tukima's Dance           Hex            11%        N/A       17%         3
 Dazzling Flash           Conj/Hex       12%        N/A       32%         3

Inventory:

Hand Weapons
 a - a +1 dagger (weapon)
Armour
 b - a +0 robe (worn)
Scrolls
 e - a scroll of teleportation {unknown}
Potions
 c - 2 potions of invisibility

Dungeon Overview and Level Annotations

Branches:
Dungeon (1/15) Zot: 5766

Altars:

..........#.#
..........#.#
.......
............#
.......
............##
.......
######..†)...#
....... ##
#.......##.......
.####
#........#.......
.'..##
#........#K......
.##..#
#........@hr.....
.###.#
##.......hg...... .#
#.# #..........#.#.#
.# #.## #..........#
... .#
#..###......##### #
.# ##.#..........#
### #.#..........#
..###.#..†.......+
...##.#.†).......###


You could see 2 jackals, a goblin, a kobold and a rat.


Message History

Your hp is fully restored (19).
A goblin is nearby!
A goblin is nearby!
A goblin is nearby!
A goblin is nearby!
The goblin shouts!
A giant cockroach comes into view.
There are monsters nearby!
You miss the goblin. The goblin hits you but does no damage.
You hit the goblin.
The goblin hits you with a +0 dagger. 😕 HP[-1]
You take 1 damage, and now have 18/19 hp.
There are monsters nearby!
You hit the goblin. The goblin hits you with a +0 dagger.
You closely miss the goblin. The goblin barely misses you. 😕 HP[-2]
You take 2 damage, and now have 16/19 hp.
There are monsters nearby!
You hit the goblin.
You kill the goblin!
The giant cockroach bites you. x2
You hit the giant cockroach. The giant cockroach closely misses you.
A giant cockroach is nearby! 😕 HP[-1]
You take 1 damage, and now have 15/19 hp.
You completely miss the giant cockroach.
The giant cockroach bites you.
You hit the giant cockroach but do no damage.
The giant cockroach bites you. 😮 HP[-2]
You take 2 damage, and now have 13/19 hp.
You are too injured to fight recklessly!
You are too injured to fight recklessly!
A giant cockroach is nearby!
You are too injured to fight recklessly!
You are too injured to fight recklessly!
A giant cockroach is nearby!
Casting: Ensorcelled Hibernation (safe; 16% risk of failure)
Confirm with . or Enter, or press ? or * to list all spells.
Aiming: Ensorcelled Hibernation (safe; 16% risk of failure)
Press: ? - help, Shift-Dir - straight line, f - giant cockroach
Aim: a giant cockroach (severely wounded, chance to affect: 57%)
The giant cockroach looks drowsy... 😮 MP[-2]
You lost 2 mp, and now have 3/5 mp.
The helpless giant cockroach fails to defend itself.
You puncture the giant cockroach!
You kill the giant cockroach! 😮 HP[+1]
You see here a giant cockroach corpse.
d - a fizzy yellow potion 😕 HP[+3] MP[+1]
You regained 3 hp, and now have 17/19 hp.
No target in view!
No target in view!
You see here a +0 dagger.
e - a scroll labelled BEIZXA KOTSISE 😎 HP[+2] MP[+1]
Your hp is fully restored (19).
Your mp is fully restored (5).
No target in view!
No target in view! 2 jackals and a goblin come into view.
There are monsters nearby!
A kobold comes into view. It is wielding a +0 dagger.
The jackal barks!
The kobold shouts!
There are monsters nearby!
The goblin shouts!
The jackal barks!
The jackal bites you but does no damage.
You hit the jackal. The jackal bites you. 😕 HP[-2]
You take 2 damage, and now have 17/19 hp.
You hit the jackal. The jackal closely misses you.
A rat comes into view.
The kobold hits you with a +0 dagger.
You miss the kobold. The jackal barely misses you. 😕 HP[-1]
You take 1 damage, and now have 16/19 hp.
You completely miss the kobold. The kobold closely misses you.
The goblin hits you with a +0 dagger. The jackal barely misses you.
You closely miss the kobold. The kobold hits you with a +0 dagger.
The goblin hits you but does no damage. The jackal closely misses you. 😮 HP[-5]
You take 5 damage, and now have 11/19 hp.
MASSIVE DAMAGE!! (PAUSE)
You barely miss the kobold. The kobold hits you with a +0 dagger.
The goblin hits you with a +0 dagger.
* * * LOW HITPOINT WARNING * * *
The jackal bites you.
* * * LOW HITPOINT WARNING * * *
The jackal completely misses you. 😨 HP[-6]
You take 6 damage, and now have 5/19 hp.
MASSIVE DAMAGE!! (PAUSE) It was a potion of attraction.
You feel attractive to monsters.
The jackal misses you. x2; The kobold hits you with a +0 dagger.
* * * LOW HITPOINT WARNING * * *
The goblin hits you with a +0 dagger.
You die...

Skill      XL: |  1 |
---------------+----+-----
Short Blades   | 1 |  1.2
Dodging        | |  1.9
Stealth        | |  2.8
Spellcasting   | |  2.1
Hexes          | |  3.1

Action                     || total
---------------------------++-------
  Melee: Dagger            ||    43
   Cast: Ensorcelled Hiber ||     1
    Use: Potion            ||     1
   Stab: Sleeping          ||     2
 Armour: Robe              ||    29
  Dodge: Dodged            ||    22

Levels and vault maps discovered:
D:1:      minmay_arrival_loop, layout_basic, kennysheep_nondescript,
          glass_columns_a

Notes
Turn   | Place    | Note
-------+----------+-------------------------------------------
     0 | D:1      | kae the Demonspawn Enchanter began the quest for the Orb.
     0 | D:1      | Reached XP level 1. HP: 13/13 MP: 3/3
     0 | D:1      | magus.rc [v1.11.3]
    44 | D:1      | Reached skill level 1 in Short Blades
   145 | D:1      | Gained mutation: You have sharp fingernails. [demonic
                  | ancestry]
   145 | D:1      | Reached XP level 2. HP: 12/19 MP: 5/5
   148 | D:1      | Learned a level 2 spell: Ensorcelled Hibernation
   235 | D:1      | HP: 4/19 [kobold/+0 dagger (1)]
   235 | D:1      | Slain by a goblin

Vanquished Creatures
  A dart slug (D:1)
  An endoplasm (D:1)
  A giant cockroach (D:1)
  2 goblins (D:1)
  A ball python (D:1)
  A bat (D:1)
  A frilled lizard (D:1)
  A rat (D:1)
9 creatures vanquished.

Table legend:
 A = Non-vault XP
 B = Vault XP
 C = Vault XP percentage of total XP
 D = Non-vault monster count
 E = Vault monster count
 F = Vault count percentage of total count
                 A         B        C        D         E       F
            +---------+---------+-------+---------+---------+-------
      Total |      16 |       0 |   0.0 |       9 |       0 |   0.0
            +---------+---------+-------+---------+---------+-------
        D:1 |      16 |       0 |   0.0 |       9 |       0 |   0.0
            +---------+---------+-------+---------+---------+-------

Skill      XL: |  1 |
---------------+----+-----
Short Blades   | 1 |  1.2
Dodging        | |  1.9
Stealth        | |  2.8
Spellcasting   | |  2.1
Hexes          | |  3.1

Action                     || total
---------------------------++-------
  Melee: Dagger            ||    43
   Cast: Ensorcelled Hiber ||     1
    Use: Potion            ||     1
   Stab: Sleeping          ||     2
 Armour: Robe              ||    29
  Dodge: Dodged            ||    22

Illustrated notes

Table legend:
 A = Kills in this place as a percentage of kills in the entire game.
 B = Kills by you in this place as a percentage of kills by you in the entire game.
 C = Kills by friends in this place as a percentage of kills by friends in the entire game.
 D = Other kills in this place as a percentage of other kills in the entire game.
 E = Experience gained in this place as a percentage of experience gained in the entire game.
 F = Experience gained in this place divided by the number of levels of this place that you have seen.
                   A       B       C       D       E      F
               +-------+-------+-------+-------+-------+----------------------
         Total | 100.0 | 100.0 |   N/A |   N/A | 100.0 |  16.0
       Dungeon | 100.0 | 100.0 |   N/A |   N/A | 100.0 |  16.0
               +-------+-------+-------+-------+-------+----------------------

Table legend: (Time is in decaauts)
 A = Elapsed time spent in this place.
 B = Non-inter-level travel time spent in this place.
 C = Inter-level travel time spent in this place.
 D = Time resting spent in this place.
 E = Time spent auto-exploring this place.
 F = Levels seen in this place.
 G = Mean time per level.
                   A        B        C        D        E       F      G
               +--------+--------+--------+--------+--------+-----+--------+
         Total |    232 |    232 |      0 |     13 |    142 |   1 |  232.0 |
       Dungeon |    232 |    232 |      0 |     13 |    142 |   1 |  232.0 |
               +--------+--------+--------+--------+--------+-----+--------+

Top non-repeatable levels by time:
     D:1: 232 daAuts
